 Dungeon Crawl Stone Soup version 0.23-a0-701-gd76f34b (webtiles) character file.

1663 Lanoc the Skirmisher (level 8, -29/64 HPs)
             Began as a Demonspawn Berserker on Jan 12, 2019.
             Was a Follower of Makhleb.
             Killed by the fiery rage of Trog (34 damage)
             ... on level 6 of the Dungeon.
             The game lasted 00:14:07 (3623 turns).

Lanoc the Skirmisher (Demonspawn Berserker)         Turns: 3623, Time: 00:14:10

Health: -29/64     AC: 16    Str: 16 (19) XL:     8   Next: 69%
Magic:  8/8        EV: 11    Int:  7 (9)  God:    Makhleb [*.....]
Gold:   348        SH:  0    Dex: 13      Spells: 7/7 levels left

rFire    x . .     SeeInvis .   a - +0 falchion
rCold    + + .     Gourm    .   (no shield)
rNeg     . . .     Faith    .   o - +0 ice dragon scales
rPois    .         Spirit   .   (no helmet)
rElec    .         Reflect  .   (no cloak)
rCorr    .         Harm     .   (no gloves)
MR       .....                  (no boots)
Stlth    ..........             f - amulet of regeneration
HPRegen  0.60/turn              g - +3 ring of protection
MPRegen  0.11/turn              y - +3 ring of protection

@: no status effects
A: claws 2, hooves 1, demonic guardian 1
a: Renounce Religion


You were on level 6 of the Dungeon.
You worshipped Makhleb.
Makhleb was aware of your devotion.
You were hungry.

You visited 2 branches of the dungeon, and saw 7 of its levels.

You collected 348 gold pieces.

Inventory:

Hand Weapons
 a - a +0 falchion (weapon)
Armour
 o - +0 ice dragon scales (worn)
Jewellery
 f - an amulet of regeneration (around neck)
 g - a +3 ring of protection (left claw)
 k - an uncursed ring of flight
 y - a +3 ring of protection (right claw)
Wands
 l - a wand of scattershot (7)
 w - a wand of iceblast (9)
 z - a wand of clouds (5)
Scrolls
 d - 2 scrolls of fog {unknown}
 e - 4 scrolls of teleportation {unknown}
 h - 2 scrolls of noise
 m - 4 scrolls of identify {unknown}
 p - 2 scrolls of enchant armour {unknown}
 r - a scroll of immolation {unknown}
 s - 2 scrolls of enchant weapon {unknown}
 t - 3 scrolls of remove curse {unknown}
 u - 2 scrolls of amnesia {unknown}
 x - a scroll of blinking {unknown}
Potions
 i - a potion of resistance
 j - a potion of lignification
Comestibles
 b - 8 chunks of flesh
 c - 16 rations


   Skills:
 + Level 5.8 Fighting
 - Level 4.4 Long Blades
 + Level 4.8 Armour
 + Level 4.7 Dodging
 * Level 5.1 Unarmed Combat


You had 7 spell levels left.
You didn't know any spells.
Your spell library was empty.

Dungeon Overview and Level Annotations

Branches:
Dungeon (7/15)             Temple (1/1) D:6

Altars:
Cheibriados
Dithmenos
Gozag
Hepliaklqana
Makhleb
Nemelex Xobeh
Okawaru
Ru
Vehumet
Wu Jian
Xom
Yredelemnul
The Shining One

Shops:
D:2 *


Innate Abilities, Weirdness & Mutations

You have very sharp fingernails.
You have large cloven feet.
A weak demonic guardian rushes to your aid.


Message History

The hound is moderately wounded.
The vampire mosquito bites you.
* * * LOW HITPOINT WARNING * * *
The vampire mosquito draws strength from your injuries!
The hound bites you but does no damage. The vampire mosquito misses you.
The hound bites you but does no damage.
As you read the scroll labeled ENONGI TAUJ, it crumbles to dust.
You hear a loud clanging noise!
It was a scroll of noise.
The vampire mosquito completely misses you.
The hound closely misses you.
The vampire mosquito bites you but does no damage.
The hound closely misses you.
You riposte.
You hit the hound.
The hound is heavily wounded.
You feel Trog's fiery rage upon you! The fire burns you terribly!
There is a sudden and violent explosion of flames!
The fireball engulfs you! The fire burns you terribly!
Ouch! That really hurt!
You die...

#.##........>...#...####.###
###........###.....##..#'#..
#........# ####..##.......
#........# ##..##.._..#
#........## ##..##...##
#.........# ##..##.##.
#.........# ##..###..
##.....5hy# ##......
###..[..@# ####... ###
######## #### ###.###
##.....### #........##
#.........# ####
##.........# ##...
#..........## #....
#...........# #....


You could see a vampire mosquito, a hound and a friendly white imp.

Vanquished Creatures
  A hippogriff (D:7)
  A black bear (D:6)
  2 sky beasts
  A phantom (D:6)
  An ogre (D:6)
  A centaur (D:7)
  2 bullfrogs
  2 scorpions
  2 howler monkeys (D:7)
  A crimson imp (D:6)
  2 hounds (D:7)
  An orc priest (D:3)
  Jessica (D:3)
  3 worker ants
  2 orc wizards
  A worker ant zombie (D:6)
  6 adders
  An ooze (D:1)
  An adder skeleton (D:4)
  2 worms (D:2)
  A dart slug (D:3)
  A leopard gecko (D:1)
  17 orcs
  7 bats
  3 giant cockroaches
  8 goblins
  5 hobgoblins
  13 jackals
  2 quokkas (D:4)
  A ball python (D:3)
  5 frilled lizards
  6 kobolds
  An orc zombie (D:7)
  9 rats
113 creatures vanquished.

Vanquished Creatures (collateral kills)
  A shadow (D:7)
  A centaur (D:7)
  A big kobold (D:7)
  2 orc wizards (D:7)
  A worker ant (D:7)
  2 shadow imps (D:7)
  3 orcs (D:7)
  4 kobolds (D:7)
15 creatures vanquished.

Grand Total: 128 creatures vanquished

Notes
Turn   | Place    | Note
-------+----------+-------------------------------------------
     0 | D:1      | Lanoc the Demonspawn Berserker began the quest for the Orb.
     0 | D:1      | Reached XP level 1. HP: 18/18 MP: 1/1
   159 | D:1      | Gained mutation: You have large cloven feet. [demonic
                  | ancestry]
   159 | D:1      | Reached XP level 2. HP: 24/24 MP: 2/2
   617 | D:2      | Found an opulent altar of Gozag.
   621 | D:2      | Found Gozag's Platinum Reserve.
   633 | D:2      | Reached ** piety under Trog
   679 | D:2      | Reached XP level 3. HP: 29/29 MP: 3/3
  1223 | D:3      | Reached XP level 4. HP: 15/35 MP: 4/4
  1288 | D:3      | Noticed Jessica
  1294 | D:3      | Killed Jessica
  1319 | D:3      | Found an ornate altar of the Wu Jian Council.
  1488 | D:3      | Found a hazy altar of Hepliaklqana.
  1525 | D:3      | Reached *** piety under Trog
  1530 | D:3      | Reached XP level 5. HP: 36/42 MP: 5/5
  2206 | D:4      | You fall through a shaft for 2 floors!
  2218 | D:6      | Gained mutation: You have sharp fingernails. [demonic
                  | ancestry]
  2218 | D:6      | Reached XP level 6. HP: 48/48 MP: 6/6
  2286 | D:6      | Reached skill level 1 in Unarmed Combat
  2461 | D:6      | Gained mutation: You have very sharp fingernails. [demonic
                  | ancestry]
  2461 | D:6      | Reached XP level 7. HP: 49/55 MP: 7/7
  2738 | D:6      | Found a burning altar of Makhleb.
  2739 | D:6      | Found a glowing golden altar of the Shining One.
  2745 | D:6      | Fell from the grace of Trog
  2745 | D:6      | Became a worshipper of Makhleb the Destroyer
  2869 | D:6      | Found a staircase to the Ecumenical Temple.
  2878 | Temple   | Entered the Ecumenical Temple
  3060 | D:6      | Found a sparkling altar of Nemelex Xobeh.
  3290 | D:7      | Reached skill level 5 in Fighting
  3335 | D:7      | Gained mutation: A weak demonic guardian rushes to your
                  | aid. [demonic ancestry]
  3335 | D:7      | Reached XP level 8. HP: 8/62 MP: 8/8
  3378 | D:7      | Reached * piety under Makhleb
  3535 | D:7      | Noticed a hippogriff
  3546 | D:7      | Killed a hippogriff
  3557 | D:7      | Reached skill level 5 in Unarmed Combat
  3595 | D:7      | HP: 1/64 [vampire mosquito (8)]
  3623 | D:6      | Killed by the fiery rage of Trog

Vault maps used:
D:1:      lightli_arrival_boilingwater, minmay_misc_feat_rows, minivault_11
D:2:      nicolae_gozag_zags_fifth_avenue
D:3:      minmay_general_purpose_star, old_standard_altar, lemuel_crystal_altar,
          first_ration, kennysheep_generic_room_4, uniq_jessica
D:4:      grunt_temple_overflow_growth_and_decay, led_sif_pool, uniq_grinder
D:6:      gammafunk_temple_overflow_pools, temple_hall,
          nemelex_lonely_heart_becter
D:7:      minmay_the_grid_triangle_9x9_recursive_2,
          chequers_temple_overflow_statue_of_worship, serial_gnoll_camp,
          gnoll_camp_medium_01, gnoll_camp_huts_basic, gnoll_camp_mini_hut,
          gnoll_camp_mini_loothouse, grums_kennel, minmay_mini_ossuary
Temple:   nicolae_temple_figure_zero

Skill      XL: |  1  2  3  4  5  6  7  8 |
---------------+-------------------------+-----
Long Blades    | 3 4 |  4.4
Armour         | 2 3 4 |  4.8
Dodging        | 2 3 4 |  4.7
Fighting       | 4 5 |  5.8
Unarmed Combat | 2 3 5 |  5.1

Action                   |  1- 3 |  4- 6 |  7- 9 || total
-------------------------+-------+-------+-------++-------
Melee: Falchion          |    95 |   169 |   193 ||   457
       Kick              |    21 |    59 |    51 ||   131
       Punch             |       |       |     3 ||     3
Invok: Berserk           |     1 |     4 |       ||     5
       Trog's Hand       |       |     1 |       ||     1
  Use: Potion            |       |       |    10 ||    10
       Scroll            |       |       |     1 ||     1
 Stab: Sleeping          |     1 |       |       ||     1
  Eat: Chunk             |     2 |     8 |     4 ||    14
Armor: Animal skin       |    21 |       |       ||    21
       Ice dragon scales |    20 |   111 |   127 ||   258
       Skin              |       |       |    49 ||    49
Dodge: Dodged            |    66 |   103 |   171 ||   340
       Rpst.: Falchion   |    11 |    30 |    41 ||    82

Table legend:
 A = Non-vault XP
 B = Vault XP
 C = Vault XP percentage of total XP
 D = Non-vault monster count
 E = Vault monster count
 F = Vault count percentage of total count
                 A         B        C        D         E       F
            +---------+---------+-------+---------+---------+-------
      Total |    1560 |     817 |  34.4 |     109 |      19 |  14.8
            +---------+---------+-------+---------+---------+-------
        D:1 |      24 |       0 |   0.0 |      11 |       0 |   0.0
        D:2 |      19 |       0 |   0.0 |       9 |       0 |   0.0
        D:3 |     122 |      59 |  32.6 |      39 |       8 |  17.0
        D:4 |     118 |       0 |   0.0 |       8 |       0 |   0.0
        D:6 |     774 |       0 |   0.0 |      16 |       0 |   0.0
        D:7 |     503 |     758 |  60.1 |      26 |      11 |  29.7
            +---------+---------+-------+---------+---------+-------
